 Dungeon Crawl Stone Soup version 0.16-a0-139-gc9fe9b1 (webtiles) character file.

746 Ratboiler the Cudgeler (level 7, -2/74 HPs)
             Began as an Ogre Artificer on Aug 14, 2014.
             Slain by a sky beast (5 damage)
             ... on Level 5 of the Dungeon.
             The game lasted 00:17:41 (5791 turns).

Ratboiler the Cudgeler (Ogre Artificer)             Turns: 5791, Time: 00:17:41

HP  -2/74        AC  3     Str 17      XL: 7   Next: 77%
MP   9/9         EV 11     Int 11      God:
Gold 205         SH  0     Dex 12      Spells:  0 memorised,  6 levels left

rFire  . . .     SeeInvis .     i - +0 dire flail
rCold  . . .     Clarity  .     e - +0 robe
rNeg   . . .     rCorr    .     (shield restricted)
rPois  +         rRot     .     (helmet restricted)
rElec  .         Spirit   .     (no cloak)
SustAb .         Warding  .     (gloves unavailable)
rMut   .         Stasis   .     (boots unavailable)
Gourm  .                        (no amulet)
MR     +....                    l - ring of protection from magic
                                h - ring of poison resistance

@: somewhat resistant to hostile enchantments, very unstealthy
A: unfitting armour, tough skin 1
a: no special abilities


You were on level 5 of the Dungeon.
You were not hungry.

You visited 1 branch of the dungeon, and saw 5 of its levels.

You collected 205 gold pieces.

Inventory:

Hand weapons
 a - a +1 club
 b - a +0 hunting sling
 i - a +0 dire flail (weapon)
 E - a +0 blowgun
Missiles
 g - 6 sling bullets of flame
 r - 18 tomahawks (quivered)
 t - 33 sling bullets
 A - 2 large rocks
 F - 11 poisoned needles
 K - a throwing net
Armour
 e - a +0 robe (worn)
Magical devices
 c - a wand of enslavement (12)
 d - a wand of random effects (1)
 o - a wand of flame (1)
 G - a wand of digging (8)
Comestibles
 f - 2 meat rations
 n - a beef jerky
 p - 5 fruits
 q - 5 bread rations
 B - a slice of pizza
 D - a rotting chunk of bat flesh
Scrolls
 j - a scroll of noise {unknown}
 k - 3 scrolls of teleportation
 m - 3 scrolls of remove curse
 s - a scroll of recharging {unknown}
 v - 5 scrolls of enchant weapon {unknown}
 C - a scroll of magic mapping {unknown}
 I - a scroll of enchant armour {unknown}
Jewellery
 h - a ring of poison resistance (left hand)
 l - a ring of protection from magic (right hand)
 y - an uncursed ring of protection from fire
 H - an uncursed ring of positive energy
Potions
 u - a potion of magic
 w - a potion of restore abilities
 x - a potion of curing
 J - a potion of might {unknown}


   Skills:
 + Level 5.8 Fighting
 * Level 7.3 Maces & Flails
 + Level 4.2 Dodging
 - Level 0.7 Stealth
 - Level 2.4 Evocations


You had 6 spell levels left.
You didn't know any spells.

Dungeon Overview and Level Annotations

Branches:
Dungeon (5/15)
 Temple: D:4-7

Altars:
Cheibriados
Dithmenos
Elyvilon
Makhleb
Zin

Annotations:
D:5 runewalsh's ghost, experienced OpIE


Innate Abilities, Weirdness & Mutations

You are too large for most types of armour.
You have tough skin (AC +1).


Message History

A sky beast appears from thin air!
Reactivating autopickup.
Drink which item? (? for menu, Esc to quit)
You feel better. The sky beast hits you.
* * * LOW HITPOINT WARNING * * *
The sky beast shocks you.
* * * LOW HITPOINT WARNING * * *
You closely miss the sky beast.
The sky beast is almost dead.
The sky beast closely misses you.
Evoke which item? (* to show all) (? for menu, Esc to quit)
Zapping:
d - a wand of random effects (2)
Press: ? - help, Shift-Dir - straight line, f - sky beast
Aim: a sky beast (almost dead)
You hear a mighty clap of thunder!
The bolt of lightning misses the sky beast.
This wand has 1 charge left.
The sky beast hits you.
* * * LOW HITPOINT WARNING * * *
The sky beast shocks you.
You die...

#.# #.# #.##
#.#####.#######
#.#
#.............#
#.#
#############.#
#.# #...# #Y#
#.### #.# #.#
#.# #Y# #.# #@#
#.# #.# #.# #<#
#<# ### ###


You could see a sky beast.

Vanquished Creatures
  The ghost of TAS2012 the Covert, an average OpAs (D:3)
  A mottled dragon (D:4)
  Duvessa (D:4)
  Blork the orc (D:4)
  A hound (D:4)
  A worker ant (D:5)
  7 adders
  3 gnolls (D:4)
  A shadow imp (D:4)
  A giant mite (D:3)
  3 giant geckos
  6 orcs
  10 bats
  2 bat skeletons
  19 goblins
  9 hobgoblins
  A ball python (D:2)
  5 giant cockroaches
  2 giant newts
  A giant newt skeleton (D:4)
  A goblin zombie (D:5)
  12 jackals
  22 kobolds
  2 quokkas
  6 rats
119 creatures vanquished.

Vanquished Creatures (collateral kills)
  Dowan (D:4)
  4 gnolls (D:4)
5 creatures vanquished.

Grand Total: 124 creatures vanquished

Notes
Turn   | Place    | Note
--------------------------------------------------------------
     0 | D:1      | Ratboiler, the Ogre Artificer, began the quest for the Orb.
     0 | D:1      | Reached XP level 1. HP: 19/19 MP: 1/1
   192 | D:1      | Reached XP level 2. HP: 15/28 MP: 2/2
  1285 | D:1      | Reached XP level 3. HP: 23/36 MP: 4/4
  1562 | D:2      | Reached skill level 3 in Fighting
  1959 | D:2      | Reached XP level 4. HP: 41/45 MP: 5/5
  2631 | D:3      | Reached skill level 4 in Maces & Flails
  2931 | D:3      | Found a burning altar of Makhleb.
  2931 | D:3      | Noticed a balrug
  3151 | D:3      | Reached XP level 5. HP: 50/53 MP: 7/7
  3323 | D:3      | Noticed TAS2012's ghost (average OpAs)
  3350 | D:3      | Killed TAS2012's ghost
  3350 | D:3      | Reached skill level 5 in Maces & Flails
  3350 | D:3      | Reached XP level 6. HP: 35/63 MP: 8/8
  3654 | D:3      | Found a burning altar of Makhleb.
  3664 | D:3      | Found a glowing silver altar of Zin.
  3664 | D:3      | Noticed a balrug
  3664 | D:3      | Noticed an angel
  4175 | D:4      | Noticed Edmund
  4186 | D:4      | Noticed Edmund
  4186 | D:4      | Edmund changed into Edmund the mottled dragon
  4201 | D:4      | Killed Edmund the mottled dragon
  4201 | D:4      | Reached skill level 6 in Maces & Flails
  4201 | D:4      | Reached XP level 7. HP: 18/71 MP: 9/9
  4459 | D:4      | Found a shadowy altar of Dithmenos.
  4468 | D:4      | Reached skill level 5 in Fighting
  4680 | D:4      | Noticed Blork the orc
  4688 | D:4      | Killed Blork the orc
  4879 | D:4      | Noticed Dowan
  4888 | D:4      | Noticed Duvessa
  4894 | D:4      | Killed Dowan
  4919 | D:4      | Found a white marble altar of Elyvilon.
  4933 | D:4      | Killed Duvessa
  5003 | D:4      | Found a snail-covered altar of Cheibriados.
  5146 | D:4      | Reached skill level 7 in Maces & Flails
  5395 | D:5      | Entered Level 5 of the Dungeon
  5524 | D:5      | Noticed runewalsh's ghost (experienced OpIE)
  5771 | D:5      | HP: 3/74 [something (5)]
  5791 | D:5      | HP: 3/74 [sky beast (1)]
  5791 | D:5      | Slain by a sky beast

Action                   |  1- 3 |  4- 6 |  7- 9 || total
-------------------------+-------+-------+-------++-------
Melee: Club              |   144 |   237 |       ||   381
       Dire flail        |       |       |   128 ||   128
Throw: Tomahawk          |       |     5 |       ||     5
Evoke: Wand              |       |    18 |    13 ||    31
  Use: Scroll            |       |     7 |     3 ||    10
       Potion            |       |       |     2 ||     2
 Stab: Sleeping          |     1 |       |       ||     1
       Confused          |       |     1 |       ||     1
  Eat: Chunk             |     3 |     8 |     5 ||    16
